 Dungeon Crawl Stone Soup version 0.26-a0-651-gb41185065b (webtiles) character file.

Game seed: 17130394324724055306

3096 Arthanis the Cleaver (level 9, -2/60 HPs)
             Began as a Gargoyle Berserker on Oct 14, 2020.
             Was an Elder of Trog.
             Shot with a bolt by an orc warrior (20 damage)
             ... in a bailey.
             The game lasted 00:10:15 (7862 turns).

Arthanis the Cleaver (Gargoyle Berserker)           Turns: 7862, Time: 00:10:16

Health: -2/60      AC: 27    Str: 21    XL:     9   Next: 90%
Magic:  9/9        EV:  7    Int: 11    God:    Trog [****..]
Gold:   181        SH:  0    Dex:  9    Spells: 8/8 levels left

rFire    . . .     SeeInvis .   H - +0 battleaxe (venom)
rCold    . . .     Faith    .   (shield currently unavailable)
rNeg     + . .     Spirit   .   G - +0 plate armour
rPois    ∞         Reflect  .   h - +0 helmet
rElec    +         Harm     .   m - +2 cloak {MR+}
rCorr    .         Rampage  .   v - +0 pair of gloves
MR       +....                  o - +1 pair of boots
Stlth    ..........             (no amulet)
HPRegen  0.20/turn              (no ring)
MPRegen  0.11/turn              (no ring)

@: flying (expiring)
A: negative energy resistance 1, electricity resistance, unbreathing,
petrification resistance, rot immunity, AC +6
a: Berserk, Trog's Hand, Brothers in Arms, Renounce Religion


You were in a bailey.
You worshipped Trog.
Trog was greatly pleased with you.
You visited 1 branch of the dungeon, and saw 7 of its levels.
You also visited: Ossuary and Bailey.

You collected 324 gold pieces.
You spent 143 gold pieces at shops.

Inventory:

Hand Weapons
 i - a +0 war axe
 l - a +4 quarterstaff of chaos
 y - a +2 whip of freezing
 H - a +0 battleaxe of venom (weapon)
 I - a +0 spear
Armour
 h - a +0 helmet (worn)
 m - a +2 cloak of magic resistance (worn)
 o - a +1 pair of boots (worn)
 u - a +0 pair of boots
 v - a +0 pair of gloves (worn)
 D - a +0 chain mail
 G - a +0 plate armour (worn)
Wands
 p - a wand of iceblast (10)
 t - a wand of polymorph (8)
Scrolls
 d - 8 scrolls of teleportation
 e - a scroll of enchant armour
 g - 2 scrolls of immolation
 n - 4 scrolls of remove curse
 r - a scroll of fear
 s - 2 scrolls of noise
 w - 3 scrolls of amnesia
 x - 2 scrolls of blinking
 C - 4 scrolls of enchant weapon
Potions
 a - 3 potions of stabbing
 b - a potion of brilliance
 c - 2 potions of flight
 f - a potion of berserk rage {unknown}
 j - 2 potions of invisibility {unknown}
 k - 10 potions of curing
 q - 2 potions of haste
 z - a potion of degeneration
 A - 2 potions of heal wounds
 B - 4 potions of might
 E - a potion of mutation {unknown}
 F - a potion of cancellation {unknown}


   Skills:
 + Level 8.5 Fighting
 * Level 9.7 Axes
 - Level 6.0 Armour
 - Level 2.0 Dodging


You had 8 spell levels left.
You didn't know any spells.
Your spell library was empty.

Dungeon Overview and Level Annotations

Branches:
Dungeon (7/15)             Temple (0/1) D:6         Ossuary (visited)
 Bailey (1/1)

Altars:
Ashenzari
Cheibriados
Fedhas
Gozag
Kikubaaqudgha
Okawaru
Sif Muna
Trog
Wu Jian
Xom
Zin

Shops:
D:4 !

Annotations:
D:3 1 runed translucent door, loralnil's ghost, amateur OpCj


Innate Abilities, Weirdness & Mutations

You are resistant to torment.
Your stone body is resilient. (AC +6)
You are immune to poison.
You resist negative energy. (rN+)
You are resistant to electric shocks. (rElec)
You can survive without breathing.
You are immune to petrification.
You are immune to rotting.


Message History

You see here a bolt.
You are starting to lose your buoyancy.
The orc shoots a bolt.
The bolt hits you but does no damage.
You hear a shout! x2
You see here a bolt.
The orc shoots a bolt.
The bolt hits you but does no damage.
You see here a bolt.
An orc warrior comes into view. It is wielding a +0 arbalest.
The orc shoots a bolt.
The bolt hits you but does no damage.
An orc warrior comes into view. It is wielding a +0 arbalest.
The orc warrior shouts!
The orc warrior shoots a bolt.
The bolt hits you.
The orc warrior shoots a bolt.
The bolt hits you!
You see here 2 bolts.
The orc unwields a +0 arbalest.
The orc barely misses you.
The orc warrior shoots a bolt.
The bolt hits you!
* * * LOW HITPOINT WARNING * * *
You see here a bolt.
The orc warrior shoots a bolt.
The bolt hits you!!
You die...

..≈≈#o#.≈...
...≈≈≈≈≈o.. ...........
.......... .........#
.........# ......o..#
.......((# .........@#
#............(##
#............(.#
#..............##
#.............(.##
#.......≈≈≈≈≈....####
#......≈≈#.#.≈......###
#......≈##.∩#≈.........
#......≈))^..≈.........


You could see an orc warrior and an orc.

Vanquished Creatures
  Pikel (D:4)
  A water moccasin (Bailey)
  A necrophage (D:7)
  A black bear (D:6)
  An orc warrior (D:6)
  A sky beast (D:7)
  An ice beast (D:5)
  5 ogres
  A centaur (D:7)
  A phantom (D:7)
  A crocodile (D:7)
  A bullfrog (D:6)
  An elf zombie (Ossuary)
  2 scorpions (D:4)
  3 wights (D:6)
  2 howler monkeys (D:6)
  2 hounds
  A bullfrog skeleton (D:5)
  3 centaur zombies (Ossuary)
  Crazy Yiuf (D:2)
  3 orc priests (D:4)
  An iguana (D:4)
  Jessica (D:3)
  4 worker ants
  Ijyb (D:3)
  3 orc wizards (D:6)
  A big kobold zombie (Ossuary)
  2 ogre zombies (Ossuary)
  7 mummies (Ossuary)
  A hound skeleton (D:5)
  A worker ant zombie (D:6)
  8 adders
  A howler monkey skeleton (D:6)
  A white imp (D:5)
  2 oozes
  4 adder zombies (Ossuary)
  2 adder skeletons
  A worm (D:3)
  4 dart slugs
  6 leopard geckos
  21 orcs
  6 giant cockroaches
  5 goblins
  7 hobgoblins
  20 jackals
  2 quokkas (D:5)
  2 ball pythons
  7 bats
  4 frilled lizards
  5 goblin zombies (Ossuary)
  3 hobgoblin zombies (Ossuary)
  A jackal zombie (D:6)
  6 kobolds
  3 kobold zombies (Ossuary)
  An orc zombie (Ossuary)
  3 quokka zombies (Ossuary)
  4 rats
  4 rat zombies (Ossuary)
189 creatures vanquished.

Vanquished Creatures (others)
  2 fungi (D:2)
  5 plants
  3 withered plants (D:6)
10 creatures vanquished.

Grand Total: 199 creatures vanquished

Notes
Turn   | Place    | Note
-------+----------+-------------------------------------------
     0 | D:1      | Arthanis the Gargoyle Berserker began the quest for the
                  | Orb.
     0 | D:1      | Reached XP level 1. HP: 14/14 MP: 1/1
   118 | D:1      | Reached XP level 2. HP: 18/19 MP: 2/2
   280 | D:1      | Reached skill level 3 in Axes
   418 | D:1      | Reached XP level 3. HP: 20/23 MP: 3/3
  1373 | D:2      | Found a broken altar of Ashenzari.
  1505 | D:2      | Reached XP level 4. HP: 25/29 MP: 4/4
  1507 | D:2      | Reached ** piety under Trog
  2007 | D:2      | Found an opulent altar of Gozag.
  2085 | D:2      | Found a faded altar of an unknown god.
  2596 | D:2      | Found a runed translucent door.
  2597 | D:2      | Noticed Crazy Yiuf
  2604 | D:2      | Killed Crazy Yiuf
  2604 | D:2      | Reached XP level 5. HP: 33/33 MP: 5/5
  2699 | D:3      | Noticed Jessica
  2706 | D:3      | Killed Jessica
  2706 | D:3      | Reached skill level 4 in Axes
  2800 | D:3      | Found an iron altar of Okawaru.
  2852 | D:3      | Found a bloodstained altar of Trog.
  2873 | D:3      | Noticed Ijyb
  2882 | D:3      | Killed Ijyb
  2998 | D:3      | Found a bloodstained altar of Trog.
  3165 | D:3      | Found a runed translucent door.
  3165 | D:3      | Noticed loralnil's ghost (amateur OpCj)
  3278 | D:4      | Reached XP level 6. HP: 37/39 MP: 6/6
  3516 | D:4      | Reached skill level 5 in Axes
  3536 | D:4      | Found Coumidd's Distillery.
  3576 | D:4      | Reached skill level 5 in Fighting
  3576 | D:4      | Reached XP level 7. HP: 17/44 MP: 7/7
  3800 | D:4      | Noticed Pikel
  3810 | D:4      | Killed Pikel
  3810 | D:4      | Reached skill level 6 in Axes
  3810 | D:4      | Reached skill level 5 in Armour
  3810 | D:4      | Reached XP level 8. HP: 51/51 MP: 8/8
  3941 | D:4      | Bought a potion of degeneration for 11 gold pieces
  3941 | D:4      | Bought a potion of curing for 33 gold pieces
  3941 | D:4      | Bought a potion of heal wounds for 55 gold pieces
  3941 | D:4      | Bought a potion of might for 44 gold pieces
  4268 | D:4      | Found an ornate altar of the Wu Jian Council.
  4274 | D:4      | Found a shimmering blue altar of Sif Muna.
  4342 | D:5      | Entered Level 5 of the Dungeon
  4418 | D:5      | Reached skill level 7 in Axes
  4908 | D:5      | Found a shimmering altar of Xom.
  4908 | D:5      | Found a shimmering altar of Xom.
  4908 | D:5      | Found a shimmering altar of Xom.
  4908 | D:5      | Found a shimmering altar of Xom.
  4962 | D:5      | Reached *** piety under Trog
  5341 | D:5      | Found a glowing silver altar of Zin.
  5901 | D:6      | Found a blossoming altar of Fedhas.
  5902 | D:6      | Found an ancient bone altar of Kikubaaqudgha.
  5916 | D:6      | Found a sand-covered staircase.
  5925 | Ossuary  | Entered an ossuary
  6003 | Ossuary  | Reached XP level 9. HP: 56/56 MP: 9/9
  6012 | Ossuary  | Reached skill level 8 in Axes
  6765 | D:6      | Reached **** piety under Trog
  6924 | D:6      | Found a staircase to the Ecumenical Temple.
  6998 | D:6      | Reached skill level 9 in Axes
  7749 | D:7      | Found a snail-covered altar of Cheibriados.
  7791 | D:7      | Found a flagged portal.
  7812 | Bailey   | Entered a bailey
  7862 | Bailey   | Shot with a bolt by an orc warrior

Illustrated notes

Levels and vault maps discovered:
D:1:      roderic_dead_forest, layout_loops_ring
D:2:      layout_basic, evilmike_ruin_ashenzari, marbit_many_paths,
          chequers_ecumenical_altar_simple_redux, serial_forest,
          infiniplex_forest_clump_large, infiniplex_forest_lined_room_3,
          infiniplex_forest_straight_2, infiniplex_forest_pool,
          infiniplex_forest_clump_cross, infiniplex_forest_straight_2,
          kennysheep_generic_room_9, uniq_crazy_yiuf_cottage
D:3:      layout_rooms, lemuel_coloured_pillars_altar, okawaru_gym_becter,
          ebering_ghost_reflecting_pool, trog_butcher_becter, uniq_jessica,
          uniq_ijyb
D:4:      layout_loops_ring, minitemple, serial_shops, shop_statue, uniq_pikel
D:5:      layout_layer_cave, kennysheep_mini, xom_redecorated, serial_rivers,
          chequers_serial_rivers_micro_a, chequers_serial_rivers_room_a,
          chequers_serial_rivers_room_a, chequers_serial_rivers_small_b,
          chequers_serial_rivers_micro_e
D:6:      layout_loops_ring, grunt_temple_overflow_growth_and_decay,
          minmay_temple_entry_nine_rooms, enter_ossuary_3
D:7:      layout_basic, nicolae_overflow_crystal_walls, enter_bailey_6
Bailey:   bailey_polearm_2, bailey

Skill      XL: |  1  2  3  4  5  6  7  8  9 |
---------------+----------------------------+-----
Axes           | 3 4 5 6 7 9 |  9.7
Dodging        | 2 |  2.0
Armour         | 3 4 5 6 |  6.0
Fighting       | 4 5 6 8 |  8.5

Action                   |  1- 3 |  4- 6 |  7- 9 || total
-------------------------+-------+-------+-------++-------
Melee: Hand axe          |   123 |    17 |       ||   140
       War axe           |       |   148 |   291 ||   439
       Battleaxe         |       |       |    75 ||    75
       Spear             |       |       |     3 ||     3
Invok: Berserk           |       |     3 |     8 ||    11
Evoke: Wand              |       |       |     1 ||     1
  Use: Scroll            |       |       |    14 ||    14
       Potion            |       |       |     1 ||     1
Armor: Animal skin       |    32 |    69 |    24 ||   125
       Chain mail        |       |       |    93 ||    93
       Plate armour      |       |       |   129 ||   129
Dodge: Dodged            |   100 |   116 |   168 ||   384

Table legend: (Time is in decaauts)
 A = Elapsed time spent in this place.
 B = Non-inter-level travel time spent in this place.
 C = Inter-level travel time spent in this place.
 D = Time resting spent in this place.
 E = Time spent auto-exploring this place.
 F = Levels seen in this place.
 G = Mean time per level.
                   A        B        C        D        E       F      G
               +--------+--------+--------+--------+--------+-----+--------+
         Total |   8071 |   7713 |    358 |      0 |   6025 |   9 |  896.8 |
       Dungeon |   7329 |   6971 |    358 |      0 |   5560 |   7 | 1047.0 |
       Ossuary |    691 |    691 |      0 |      0 |    465 |   1 |  691.0 |
        Bailey |     51 |     51 |      0 |      0 |      0 |   1 |   51.0 |
               +--------+--------+--------+--------+--------+-----+--------+

Top non-repeatable levels by time:
     D:2: 1767 daAuts
     D:5: 1478 daAuts
     D:4: 1160 daAuts
     D:6: 1025 daAuts
     D:1: 935 daAuts
 Ossuary: 691 daAuts
     D:3: 640 daAuts
     D:7: 321 daAuts
  Bailey: 51 daAuts
